PBL
PALM BEACH NATIONALS @ MADISON BREWERS
07/27/2045
 
TOP OF THE 1ST
Palm Beach Nationals batting - Pitching for Madison Brewers : RHP Mark Frizzell
Pitching: RHP Mark Frizzell
Batting: RHB Justin Davenport 0-0: Ball
1-0: Foul Ball, location: 2F
1-1: Ball
2-1: Called Strike
2-2: Foul Ball, location: 2F
2-2: SINGLE (Flyball, 34D, EV 98.1 MPH)
Batting: RHB Tylor Cyr 0-0: Called Strike
0-1: Ball
1-1: Ball
2-1: Foul Ball, location: 2F
2-2: Ground out 6-3 (Groundball, 6, EV 84.4 MPH)
Justin Davenport to second
Batting: SHB Curtis DeLille 0-0: Foul Ball, location: 2F
0-1: Swinging Strike
0-2: Ball
1-2: Ground out 5-3 (Groundball, 56, EV 80.6 MPH)
Batting: RHB Vasag Semerjian 0-0: Ball
1-0: Ground out 3-1 (Groundball, 34, EV 107.5 MPH)
Top of the 1st over - 0 runs, 1 hit, 0 errors, 1 left on base; Palm Beach 0 - Madison 0
BOTTOM OF THE 1ST
Madison Brewers batting - Pitching for Palm Beach Nationals : RHP Ramiro Ramirez
Pitching: RHP Ramiro Ramirez
Batting: LHB Rick Campbell 0-0: Ball
1-0: Foul Ball, location: 2F
1-1: Fly out, F5 (Flyball, 5D, EV 91.9 MPH)
Batting: RHB Victor Alarcon 0-0: Called Strike
0-1: Ball
1-1: Swinging Strike
1-2: Ball
2-2: SINGLE (Flyball, 89S, EV 94.4 MPH)
Batting: SHB Aaron Neill 0-0: Ball
1-0: Swinging Strike
1-1: Called Strike
1-2: SINGLE (Line Drive, 4M, EV 97.5 MPH)
Victor Alarcon to second
Batting: SHB Jerry Duffy 0-0: Ball
1-0: Fly out, F8 (Flyball, 8RM, EV 72.5 MPH)
Batting: RHB Drew Forbess 0-0: Swinging Strike
0-1: Called Strike
0-2: Ball
1-2: Ball
2-2: Foul Ball, location: 2F
2-2: Strikes out swinging
Bottom of the 1st over - 0 runs, 2 hits, 0 errors, 2 left on base; Palm Beach 0 - Madison 0
TOP OF THE 2ND
Palm Beach Nationals batting - Pitching for Madison Brewers : RHP Mark Frizzell
Batting: RHB Kiyonaga Nakamura 0-0: Ball
1-0: SINGLE (Line Drive, 9S, EV 103.8 MPH)
Pitching: RHP Tristan Smeets
Batting: LHB Mike Hamilton 0-0: Ball
1-0: Foul Ball, location: 2F
1-1: Foul Ball, location: 2F
1-2: Foul Ball, location: 2F
1-2: Grounds into double play, 4-6-3 (Groundball, 34D, EV 108.1 MPH)
Batting: RHB Scott Merritt 0-0: Called Strike
0-1: Swinging Strike
0-2: Ball
1-2: Strikes out swinging
Top of the 2nd over - 0 runs, 1 hit, 0 errors, 0 left on base; Palm Beach 0 - Madison 0
BOTTOM OF THE 2ND
Madison Brewers batting - Pitching for Palm Beach Nationals : RHP Ramiro Ramirez
Batting: RHB Alfredo Sena 0-0: Swinging Strike
0-1: Called Strike
0-2: Fly out, F9 (Line Drive, 9, EV 88.8 MPH)
Batting: RHB Herb McIntyre 0-0: Swinging Strike
0-1: Foul Ball, location: 2F
0-2: Strikes out looking
Batting: RHB Leo Serrano 0-0: Foul Ball, location: 2F
0-1: Ball
1-1: Ball
2-1: Ground out 6-3 (Groundball, 6S, EV 83.8 MPH)
Bottom of the 2nd over - 0 runs, 0 hits, 0 errors, 0 left on base; Palm Beach 0 - Madison 0
TOP OF THE 3RD
Palm Beach Nationals batting - Pitching for Madison Brewers : RHP Tristan Smeets
Batting: RHB Greg Hall 0-0: Called Strike
0-1: Foul Ball, location: 2F
0-2: Strikes out swinging
Batting: RHB Ken Yeadon 0-0: Ball
1-0: Foul Ball, location: 2F
1-1: Foul Ball, location: 2F
1-2: Foul Ball, location: 2F
1-2: Strikes out swinging
Batting: RHB Justin Davenport 0-0: Called Strike
0-1: Called Strike
0-2: SINGLE (Line Drive, 78S, EV 105.6 MPH)
Pitching: RHP Jun Yamashita
Batting: RHB Tylor Cyr 0-0: Ball
1-0: Called Strike
Justin Davenport steals 2nd base
1-1: Swinging Strike
1-2: Foul Ball, location: 2F
1-2: Strikes out swinging
Top of the 3rd over - 0 runs, 1 hit, 0 errors, 1 left on base; Palm Beach 0 - Madison 0
BOTTOM OF THE 3RD
Madison Brewers batting - Pitching for Palm Beach Nationals : RHP Ramiro Ramirez
Batting: RHB Justin Marino 0-0: Ground out U3 (Groundball, 34S, EV 86.9 MPH)
Batting: LHB Rick Campbell 0-0: Called Strike
0-1: Ball
1-1: Foul Ball, location: 2F
1-2: Ball
2-2: Ball
3-2: Fly out, F7 (Flyball, 7LM, EV 105.0 MPH)
Batting: RHB Victor Alarcon 0-0: Ground out 1-3 (Groundball, 13S, EV 66.9 MPH)
Bottom of the 3rd over - 0 runs, 0 hits, 0 errors, 0 left on base; Palm Beach 0 - Madison 0
TOP OF THE 4TH
Palm Beach Nationals batting - Pitching for Madison Brewers : RHP Jun Yamashita
Batting: SHB Curtis DeLille 0-0: Ball
1-0: Called Strike
1-1: Ball
2-1: Foul Ball, location: 2F
2-2: Foul Ball, location: 2F
2-2: SINGLE (Line Drive, 78S, EV 90.6 MPH)
Batting: RHB Vasag Semerjian 0-0: Ball
1-0: Ball
2-0: Swinging Strike
2-1: Called Strike
2-2: Strikes out swinging
Batting: RHB Kiyonaga Nakamura 0-0: Ball
1-0: Swinging Strike
1-1: Ball
2-1: Foul Ball, location: 2F
2-2: Grounds into double play, 4-6-3 (Groundball, 4, EV 97.5 MPH)
Top of the 4th over - 0 runs, 1 hit, 0 errors, 0 left on base; Palm Beach 0 - Madison 0
BOTTOM OF THE 4TH
Madison Brewers batting - Pitching for Palm Beach Nationals : RHP Ramiro Ramirez
Batting: SHB Aaron Neill 0-0: Ball
1-0: Ball
2-0: Called Strike
2-1: Ball
3-1: SINGLE (Groundball, 13, EV 85.6 MPH) (infield hit)
Batting: SHB Jerry Duffy 0-0: Ball
1-0: Ball
2-0: Called Strike
2-1: Ball
3-1: Foul Ball, location: 2F
3-2: Base on Balls
Aaron Neill to second
Batting: RHB Drew Forbess 0-0: Ball
1-0: Swinging Strike
1-1: Ball
2-1: Foul Ball, location: 2F
2-2: Ball
3-2: Ground out 6-3 (Groundball, 6M, EV 78.8 MPH)
Aaron Neill to third
Jerry Duffy to second
Batting: RHB Alfredo Sena 0-0: Ball
1-0: Foul Ball, location: 2F
1-1: Ball
2-1: Ground out 6-3 (Groundball, 56, EV 88.8 MPH)
Aaron Neill scores
Batting: RHB Herb McIntyre 0-0: Foul Ball, location: 2F
0-1: Called Strike
0-2: Strikes out looking
Bottom of the 4th over - 1 run, 1 hit, 0 errors, 1 left on base; Palm Beach 0 - Madison 1
TOP OF THE 5TH
Palm Beach Nationals batting - Pitching for Madison Brewers : RHP Jun Yamashita
Pitching: LHP Jon Ortiz
Batting: LHB Mike Hamilton 0-0: Called Strike
0-1: Ground out 4-3 (Groundball, 4, EV 88.1 MPH)
Batting: RHB Scott Merritt 0-0: Called Strike
0-1: Ground out 6-3 (Groundball, 6MS, EV 68.1 MPH)
Batting: RHB Greg Hall 0-0: Ball
1-0: Ball
2-0: Called Strike
2-1: Ball
3-1: Swinging Strike
3-2: Strikes out swinging
Top of the 5th over - 0 runs, 0 hits, 0 errors, 0 left on base; Palm Beach 0 - Madison 1
BOTTOM OF THE 5TH
Madison Brewers batting - Pitching for Palm Beach Nationals : RHP Ramiro Ramirez
Batting: RHB Leo Serrano 0-0: Ball
1-0: Foul Ball, location: 2F
1-1: Ball
2-1: Bunt for hit to 23 - play at first, batter safe!
Batting: RHB Justin Marino 0-0: Called Strike
Leo Serrano steals 2nd base
0-1: Swinging Strike
0-2: Ball
1-2: Foul Ball, location: 2F
1-2: Foul Ball, location: 2F
1-2: Ball
2-2: Foul Ball, location: 2F
2-2: Strikes out looking
Batting: LHB Rick Campbell 0-0: Ball
1-0: Ball
2-0: Ball
3-0: Base on Balls
Batting: RHB Victor Alarcon 0-0: Ball
1-0: Foul Ball, location: 2F
1-1: Called Strike
1-2: Foul Ball, location: 2F
1-2: Ball
2-2: Strikes out looking
Batting: SHB Aaron Neill 0-0: SINGLE (Groundball, 5S, EV 65.6 MPH) (infield hit)
Leo Serrano to third
Rick Campbell to second
Batting: SHB Jerry Duffy 0-0: Foul Ball, location: 2F
0-1: Ball
1-1: Foul Ball, location: 2F
1-2: Ball
2-2: Ball
3-2: Fly out, F8 (Flyball, 8LM, EV 93.1 MPH)
Bottom of the 5th over - 0 runs, 2 hits, 0 errors, 3 left on base; Palm Beach 0 - Madison 1
TOP OF THE 6TH
Palm Beach Nationals batting - Pitching for Madison Brewers : LHP Jon Ortiz
Batting: RHB Ken Yeadon 0-0: Ball
1-0: Ground out 5-3 (Groundball, 56S, EV 84.4 MPH)
Batting: RHB Justin Davenport 0-0: Called Strike
0-1: Fly out, F7 (Flyball, 7, EV 79.4 MPH)
Batting: RHB Tylor Cyr 0-0: Ball
1-0: Ball
2-0: Ball
3-0: Base on Balls
Batting: SHB Curtis DeLille 0-0: Ball
1-0: Ball
2-0: Called Strike
2-1: Ball
3-1: Base on Balls
Tylor Cyr to second
Batting: RHB Vasag Semerjian 0-0: Ball
1-0: Ball
Wild Pitch!
Tylor Cyr to third
Curtis DeLille to second
2-0: Called Strike
2-1: Foul Ball, location: 2F
2-2: SINGLE (Groundball, 6MD, EV 104.4 MPH)
Tylor Cyr scores
Curtis DeLille to third
Runner from 3rd tries for Home, SAFE, throw by CF to home
Batting: RHB Kiyonaga Nakamura 0-0: Ground out 2-3 (Groundball, 2R, EV 65.0 MPH)
Top of the 6th over - 2 runs, 1 hit, 0 errors, 1 left on base; Palm Beach 2 - Madison 1
BOTTOM OF THE 6TH
Madison Brewers batting - Pitching for Palm Beach Nationals : RHP Ramiro Ramirez
Batting: RHB Drew Forbess 0-0: Ball
1-0: Ball
2-0: Called Strike
2-1: Ball
3-1: DOUBLE (Flyball, 89XD, EV 107.5 MPH)
Batting: RHB Alfredo Sena 0-0: Swinging Strike
0-1: Foul Ball, location: 2F
0-2: Ball
1-2: Ball
2-2: Foul Ball, location: 2F
2-2: Strikes out swinging
Pinch Hitting: SHB Orlando Torres 0-0: Ball
1-0: Fly out, F8 (Line Drive, 8LD, EV 100.6 MPH)
Batting: RHB Leo Serrano 0-0: Ball
1-0: Swinging Strike
1-1: 2-RUN HOME RUN (Flyball, 7D, EV 97.5 MPH), Distance : 374 ft
Batting: RHB Justin Marino 0-0: Ball
1-0: Ball
2-0: Foul Ball, location: 2F
2-1: Ball
3-1: Swinging Strike
3-2: Base on Balls
Batting: LHB Rick Campbell 0-0: Ball
1-0: Called Strike
1-1: Ball
2-1: Ball
3-1: Foul Ball, location: 2F
3-2: Base on Balls
Justin Marino to second
Pinch Runner at 2nd Wiliama Dana:
Batting: RHB Victor Alarcon 0-0: 3-RUN HOME RUN (Flyball, 78XD, EV 99.4 MPH), Distance : 407 ft
Batting: SHB Aaron Neill 0-0: Called Strike
0-1: Ball
1-1: DOUBLE (Line Drive, 7LM, EV 109.4 MPH)
Batting: SHB Jerry Duffy 0-0: Foul Ball, location: 2F
0-1: Foul Ball, location: 2F
0-2: Foul Ball, location: 2F
0-2: Reached on error, E3 (Flyball, 3D, EV 95.6 MPH)
Aaron Neill to third
Batting: RHB Drew Forbess 0-0: SINGLE (Line Drive, 3D, EV 106.9 MPH)
Aaron Neill scores
Jerry Duffy to second
Batting: RHB Alfredo Sena 0-0: Foul Ball, location: 2F
0-1: Ball
1-1: 3-RUN HOME RUN (Flyball, 78XD, EV 110.0 MPH), Distance : 417 ft
Pitching: RHP Jimmy Purscell
Batting: SHB Orlando Torres 0-0: Called Strike
0-1: Swinging Strike
0-2: Foul Ball, location: 2F
0-2: SOLO HOME RUN (Flyball, 89XD, EV 105.0 MPH), Distance : 421 ft
Batting: RHB Leo Serrano 0-0: Swinging Strike
0-1: Foul Ball, location: 2F
0-2: Ball
1-2: Ball
2-2: Ball
3-2: Strikes out looking
Bottom of the 6th over - 10 runs, 7 hits, 1 error, 0 left on base; Palm Beach 2 - Madison 11
TOP OF THE 7TH
Palm Beach Nationals batting - Pitching for Madison Brewers : LHP Jon Ortiz
Now at 2B: Wiliama Dana
Now at 3B: Orlando Torres
Now at SS: Rick Campbell
Batting: LHB Mike Hamilton 0-0: Ball
1-0: Reached on error, E5 (Groundball, 56, EV 100.0 MPH)
Batting: RHB Scott Merritt 0-0: Ball
1-0: Called Strike
1-1: Ball
2-1: Called Strike
2-2: Ball
3-2: Base on Balls
Batting: RHB Greg Hall 0-0: Sac Bunt to 13S - play at first, batter OUT! 1-3
Mike Hamilton to third
Scott Merritt to second
Batting: RHB Ken Yeadon 0-0: Ball
1-0: Ball
2-0: Ball
3-0: Called Strike
3-1: SINGLE (Flyball, 6D, EV 83.8 MPH)
Mike Hamilton scores
Scott Merritt to third
Batting: RHB Justin Davenport 0-0: Called Strike
0-1: Ball
1-1: Ball
2-1: Swinging Strike
2-2: Ball
3-2: Base on Balls
Ken Yeadon to second
Batting: RHB Tylor Cyr 0-0: Ball
1-0: Called Strike
1-1: Swinging Strike
1-2: Ball
2-2: Foul Ball, location: 2F
2-2: Foul Ball, location: 2F
2-2: Fly out, F5 (Line Drive, 5, EV 73.8 MPH)
Batting: SHB Curtis DeLille 0-0: Called Strike
0-1: Ball
1-1: Called Strike
1-2: Ground out U3 (Groundball, 3S, EV 84.4 MPH)
Top of the 7th over - 1 run, 1 hit, 1 error, 3 left on base; Palm Beach 3 - Madison 11
BOTTOM OF THE 7TH
Madison Brewers batting - Pitching for Palm Beach Nationals : RHP Jimmy Purscell
Pinch Hitting: SHB C.J. Olivares 0-0: Ball
1-0: Ball
2-0: Ball
3-0: Base on Balls
Batting: LHB Rick Campbell 0-0: Foul Ball, location: 2F
0-1: Ball
1-1: Ball
2-1: Foul Ball, location: 2F
2-2: SINGLE (Groundball, 56D, EV 103.8 MPH)
C.J. Olivares to second
Pinch Hitting: LHB Jason Raker 0-0: Called Strike
0-1: Ball
1-1: Ball
2-1: DOUBLE (Flyball, 78D, EV 93.8 MPH)
C.J. Olivares scores
Rick Campbell to third
Batting: SHB Aaron Neill 0-0: Foul Ball, location: 2F
0-1: Foul Ball, location: 2F
0-2: Strikes out looking
Pinch Hitting: LHB Mark Backstrom 0-0: Ball
1-0: Ball
2-0: Called Strike
2-1: Ball
Passed Ball!
Rick Campbell scores
Jason Raker to third
3-1: Called Strike
3-2: Foul Ball, location: 2F
3-2: Foul Ball, location: 2F
3-2: Fly out, F8 (Flyball, 8RM, EV 85.6 MPH)
Runner from 3rd tags up, SCORES, throw by CF
Pitching: RHP Cheng-ho Tai
Batting: RHB Drew Forbess 0-0: Ball
1-0: Called Strike
1-1: Ball
2-1: Foul Ball, location: 2F
2-2: Foul Ball, location: 2F
2-2: Ball
3-2: Foul Ball, location: 2F
3-2: Foul Ball, location: 2F
3-2: DOUBLE (Line Drive, 78XD, EV 103.1 MPH)
Batting: RHB Alfredo Sena 0-0: Ball
1-0: Ball
2-0: Called Strike
2-1: Ball
3-1: Called Strike
3-2: Base on Balls
Batting: SHB Orlando Torres 0-0: Ball
1-0: Ball
2-0: Ball
3-0: Base on Balls
Drew Forbess to third
Alfredo Sena to second
Pitching: LHP Johnny Busse
Batting: RHB Leo Serrano 0-0: Ball
1-0: Ball
2-0: Foul Ball, location: 2F
2-1: Foul Ball, location: 2F
2-2: Foul Ball, location: 2F
2-2: Foul Ball, location: 2F
2-2: Foul Ball, location: 2F
2-2: Foul Ball, location: 2F
2-2: Strikes out swinging
Bottom of the 7th over - 3 runs, 3 hits, 0 errors, 3 left on base; Palm Beach 3 - Madison 14
TOP OF THE 8TH
Palm Beach Nationals batting - Pitching for Madison Brewers : LHP Jon Ortiz
Pitching: RHP Justin Hensley
Now at 2B: C.J. Olivares
Now in LF: Jason Raker
Now in RF: Mark Backstrom
Batting: RHB Vasag Semerjian 0-0: Ball
1-0: Foul Ball, location: 2F
1-1: Foul Ball, location: 2F
1-2: Ball
2-2: Foul Ball, location: 2F
2-2: Ground out 6-3 (Groundball, 6, EV 106.9 MPH)
Batting: RHB Kiyonaga Nakamura 0-0: Ball
1-0: Foul Ball, location: 2F
1-1: Ball
2-1: Ball
3-1: Fly out, F8 (Flyball, 8RM, EV 80.0 MPH)
Batting: LHB Mike Hamilton 0-0: Swinging Strike
0-1: Foul Ball, location: 2F
0-2: Ground out 5-3 (Groundball, 56, EV 88.8 MPH)
Top of the 8th over - 0 runs, 0 hits, 0 errors, 0 left on base; Palm Beach 3 - Madison 14
BOTTOM OF THE 8TH
Madison Brewers batting - Pitching for Palm Beach Nationals : LHP Johnny Busse
Batting: SHB C.J. Olivares 0-0: Fly out, F9 (Line Drive, 9, EV 91.9 MPH)
Batting: LHB Rick Campbell 0-0: Called Strike
0-1: Ball
1-1: Foul Ball, location: 2F
1-2: SOLO HOME RUN (Flyball, 9D, EV 105.6 MPH), Distance : 388 ft
Pinch Hitting: RHB Mohammed bin Ubaida 0-0: Foul Ball, location: 2F
0-1: Ball
1-1: Foul Ball, location: 2F
1-2: Ball
2-2: Strikes out swinging
Batting: SHB Aaron Neill 0-0: Ball
1-0: Ball
2-0: Ball
3-0: Base on Balls
Pinch Hitting: RHB Tony Beaumond 0-0: Ball
1-0: Fly out, F7 (Flyball, 7LD, EV 98.1 MPH)
Bottom of the 8th over - 1 run, 1 hit, 0 errors, 1 left on base; Palm Beach 3 - Madison 15
TOP OF THE 9TH
Palm Beach Nationals batting - Pitching for Madison Brewers : RHP Justin Hensley
Now in LF: Michael Dickerson
Now in RF: Nick Moore
Batting: RHB Scott Merritt 0-0: Ball
1-0: Ball
2-0: Called Strike
2-1: SINGLE (Line Drive, 8RS, EV 106.2 MPH)
Batting: RHB Greg Hall 0-0: Called Strike
0-1: Swinging Strike
0-2: Strikes out looking
Batting: RHB Ken Yeadon 0-0: Ball
1-0: SINGLE (Line Drive, 3D, EV 95.0 MPH)
Scott Merritt to second
Batting: RHB Justin Davenport 0-0: Ball
1-0: SINGLE (Line Drive, 8RS, EV 96.9 MPH)
Scott Merritt to third
Ken Yeadon to second
Batting: RHB Tylor Cyr 0-0: Called Strike
0-1: Ball
1-1: Ball
2-1: Ball
3-1: SINGLE (Groundball, 56, EV 95.6 MPH)
Scott Merritt scores
Ken Yeadon to third
Justin Davenport to second
Batting: SHB Curtis DeLille 0-0: Ball
1-0: Called Strike
1-1: Swinging Strike
1-2: Ball
2-2: Strikes out swinging
Batting: RHB Vasag Semerjian 0-0: Foul Ball, location: 2F
0-1: Fielders Choice at 2nd, 6-4 (Groundball, 6, EV 102.5 MPH)
Top of the 9th over - 1 run, 4 hits, 0 errors, 3 left on base; Palm Beach 4 - Madison 15
Wednesday, June 22nd , 2022 - OOTP Baseball 23.4 Build 64